Cogmind - Beta 16 @@@ ROGUE MODE // 2026.01.21 @ 13:41:42 Player: Mutetourette Result: Destroyed by G-47 Trooper with Particle Gun Performance ------------- Evolutions (0) 0 Regions Visited (2) 400 Robots Destroyed (6) 30 Value Destroyed (50) 50 Prototype IDs (0) 0 Alien Tech Used (0) 0 Bonus (0) 0 TOTAL SCORE: 480 Bonus ------- None Cogmind --------- Core Integrity 0/250 Matter 296/300 Energy 125/125 System Corruption 1% Temperature Cool (9) Movement Core (200) Ox3 Location -10/Mines Parts ------- > --- POWER (1) -------- Light Ion Engine > --- PROPULSION (2) --- (None) > --- UTILITY (2) ------ Small Storage Unit Seismic Detector > --- WEAPON (2) ------- Assault Rifle Light Assault Rifle > --- INVENTORY (8) ---- Light Ion Engine Compact Wheel Improved Terrain Scanner Tractor Beam Medium Laser Small Laser Mining Claw Peak State ------------ > --- POWER ------------ Light Nuclear Core > --- PROPULSION ------- Wheel Compact Wheel > --- UTILITY ---------- Small Storage Unit Seismic Detector > --- WEAPON ----------- Medium Laser Small Laser > --- INVENTORY -------- Light Ion Engine Light Ion Engine Wheel Light Armor Plating Tractor Beam Assault Rifle Light Assault Rifle Mining Claw [Rating: 9] Favorites ----------- Power Light Ion Engine Engine Light Ion Engine Power Core Light Nuclear Core Propulsion Compact Wheel Leg Aluminum Leg Wheel Compact Wheel Utility Small Storage Unit Device Seismic Detector Storage Small Storage Unit Protection Light Armor Plating Weapon Medium Laser Energy Gun Medium Laser Ballistic Gun Assault Rifle Build | -11 -10 -10 ------- Run | Yrd Mat Min Slots Evolved . | . . . Power . | . . . Propulsion . | . . . Utility . | . . . Weapon . | . . . Parts Attached 17 | 7 1 9 Power 4 | 1 . 3 Engine 3 | 1 . 2 Core 1 | . . 1 Reactor . | . . . Propulsion 5 | 2 . 3 Treads . | . . . Leg 2 | . . 2 Wheel 3 | 2 . 1 Hover . | . . . Flight . | . . . Utility 4 | 1 1 2 Device 2 | . 1 1 Storage 1 | 1 . . Processor . | . . . Hackware . | . . . Protection 1 | . . 1 Artifact . | . . . Weapon 4 | 3 . 1 Energy Gun 2 | 2 . . Energy Cannon . | . . . Ballistic Gun 2 | 1 . 1 Ballistic Cannon . | . . . Launcher . | . . . Special Weapon . | . . . Impact Weapon . | . . . Slashing Weapon . | . . . Piercing Weapon . | . . . Special Melee Weapon . | . . . Unidentified Prototypes . | . . . Parts Lost 6 | . . 6 Power 1 | . . 1 Propulsion 4 | . . 4 Utility 1 | . . 1 Weapon . | . . . Highest Loss Streak 3 | . . 3 To Critical Strikes . | . . . Average Backups 6 | 2 4 7 Power 1 | . 1 1 Propulsion . | . . . Utility 1 | . 1 1 Weapon 2 | 1 2 2 Tool/Special . | . . . Unused Backups 4 | . 1 3 Power 1 | . . 1 Propulsion . | . . . Utility 1 | . . 1 Weapon 2 | . 1 1 Tool/Special . | . . . Average Slot Usage (%) 95 | . 97 95 Engine 10 | . 14 9 Core 3 | . . 4 Leg 3 | . . 4 Wheel 22 | . 28 20 Device 11 | . 11 10 Storage 14 | . 14 14 Protection 1 | . . 2 Energy Gun 22 | . 28 19 Ballistic Gun 6 | . . 8 Peak Build Rating 9 | 6 7 9 Average Rating 6 | 4 6 7 On Entrance 4 | . 6 7 Avg Prop Armor Cover (%) . | . . . Naked Turns . | . . . Heaviest Build 16 | 11 12 16 Greatest Support 26 | 26 26 26 Greatest Overweight (x) 1 | 1 . 1 Average Overweight (x) . | . . . Largest Inventory Capacity 8 | 8 8 8 Average Capacity 7 | 7 8 8 Most Carried 8 | 5 5 8 Average Carried 6 | 2 4 7 Final Capacity 8 | 8 8 8 Final Carried 7 | 4 5 7 Class Distribution -------------------- 93% | Mutant 6% | Scavenger-Mutant Dominant Class ---------------- Mutant | -10/Materials Mutant | -10/Mines Resources | -11 -10 -10 ----------- Run | Yrd Mat Min Matter Collected 432 | 270 . 162 Remotely . | . . . Salvage Created 288 | 94 . 194 Parts 12 | 5 . 7 Haulers Intercepted . | . . . Recyclers Shooed . | . . . Parts Field Recycled . | . . . Retrieved Matter . | . . . Parts Self-Destructed . | . . . Prevented . | . . . Parts Restored . | . . . Kills | -11 -10 -10 ------- Run | Yrd Mat Min Combat Hostiles Destroyed 10 | . . 10 Guns 10 | . . 10 Classes Destroyed 4 | 2 . 2 Tunneler 2 | 1 . 1 Recycler 1 | 1 . . Swarmer 3 | . . 3 Assembled 7 | . . 7 Best Kill Streak 4 | 2 . 4 Combat Bots Only 3 | . . 3 Max Kills in Single Turn 2 | 1 . 2 Gunslinging 1 | . . 1 Exploded . | . . . Melee . | . . . Uniques/NPCs Destroyed . | . . . Combat | -11 -10 -10 -------- Run | Yrd Mat Min Hostile Shots Fired 63 | . . 63 Missed 18 | . . 18 Hits 45 | . . 45 Melee 10 | . . 10 Projectile 35 | . . 35 AOE 4 | . . 4 Damage Taken 851 | . . 851 Core 257 | . . 257 Absorbed by Shields . | . . . Core Remaining (%) 100 | 100 . . Volleys Fired 37 | 3 2 32 Largest 2 | 2 2 2 Hottest 90 | 90 90 90 Shots Fired 74 | 6 4 64 Gun 74 | 6 4 64 Cannon . | . . . Launcher . | . . . Special . | . . . Kinetic 30 | . . 30 Thermal 44 | 6 4 34 Explosive . | . . . Electromagnetic . | . . . Robot Hit Streak 6 | 3 5 6 Robot Miss Streak 4 | . 2 4 Penetration Max . | . . . Secondary Targets 2 | . . 2 Max Gunslinging Chain 1 | . . 1 Shots Hit Robots 39 | 3 2 34 Core Hits 20 | 3 . 17 Critical Kills . | . . . Critical Parts Destroyed . | . . . Critical Strikes . | . . . Melee Attacks . | . . . Impact . | . . . Slashing . | . . . Piercing . | . . . Sneak Attacks . | . . . Combat Hostiles . | . . . Follow-up Attacks . | . . . Damage Inflicted 468 | 47 36 385 Guns 468 | 47 36 385 Cannons . | . . . Explosions . | . . . Melee . | . . . Ramming . | . . . Kinetic 189 | . . 189 Thermal 279 | 47 36 196 Explosive . | . . . Electromagnetic . | . . . Impact . | . . . Slashing . | . . . Piercing . | . . . Highest Corruption 1 | . . 1 Average Corruption 1 | . . 1 Corruption Purged . | . . . Corruption Blocked . | . . . Overload Shots . | . . . Overflow Damage . | . . . Projectiles . | . . . Explosions . | . . . Melee . | . . . Knockbacks . | . . . Impact . | . . . Kinetic . | . . . Secondary . | . . . Self-Inflicted Damage . | . . . Shots . | . . . Rammed . | . . . Targets Rammed . | . . . Kicked . | . . . Crushed . | . . . Highest Temperature 288 | 60 60 288 Average Temperature 86 | 28 33 97 Received Heat Transfer 24 | . . 24 Effects 2 | . . 2 Interference 2 | . . 2 Siege Activations . | . . . Martial Activations . | . . . Shielding Activations . | . . . Robots Disrupted . | . . . Combat Hostiles . | . . . Robots Corrupted . | . . . Combat Hostiles . | . . . Parts Fried . | . . . Impact Corruptions . | . . . Robots Melted . | . . . Combat Hostiles . | . . . Parts Melted . | . . . Heat Transferred 720 | 124 99 497 Parts Sabotaged . | . . . Parts Stolen . | . . . Parts Stripped . | . . . Power Chain Reactions . | . . . Alert | -11 -10 -10 ------- Run | Yrd Mat Min Maximum Alert Level . | . . . Low Security (%) 100 | 100 100 100 Level 1 . | . . . Level 2 . | . . . Level 3 . | . . . Level 4 . | . . . Level 5 . | . . . High Security . | . . . Max Security . | . . . Peak Influence 70 | 10 . 70 Initial . | . . . Average 9 | . . 14 Influence Increases 85 | 10 . 75 Destroy 0b10 Robot/C 60 | . . 60 Destroy 0b10 Robot/NC 15 | 10 . 5 Destroy Leader 10 | . . 10 Influence Decreases 85 | 10 . 75 Time Decay 85 | 10 . 75 Squads Dispatched 1 | . 1 . Investigation . | . . . Extermination . | . . . Reinforcement 1 | . 1 . Assault . | . . . Garrison . | . . . Intercept . | . . . Searches Triggered . | . . . Construction Impeded . | . . . Haulers Reinforced . | . . . Active Scanning Responses . | . . . Cargo Convoy Interrupts . | . . . Stealth | -11 -10 -10 --------- Run | Yrd Mat Min Distress Signals 1 | . . 1 Communications Jammed . | . . . Distress Signals . | . . . Times Spotted 25 | . 1 24 Peak Tracking Total 5 | . 1 5 Tactical Retreats 4 | . . 4 Traps | -11 -10 -10 ------- Run | Yrd Mat Min Traps Triggered . | . . . Indirectly . | . . . Trap Hack Attempts . | . . . Triggered . | . . . Disarmed . | . . . Reprogrammed . | . . . Reused . | . . . Traps Extracted . | . . . Installed . | . . . Triggered . | . . . Machines | -11 -10 -10 ---------- Run | Yrd Mat Min Machines Disabled . | . . . Max in Single Turn . | . . . Machines Repaired . | . . . Machines Dismantled . | . . . Machines Sabotaged . | . . . Overloaded Fab Kills . | . . . Hacking | -11 -10 -10 --------- Run | Yrd Mat Min Machines Accessed . | . . . Terminals . | . . . Fabricators . | . . . Repair Stations . | . . . Recycling Units . | . . . Scanalyzers . | . . . Garrison Access . | . . . Total Hacks . | . . . Successful . | . . . Failed . | . . . Catastrophic . | . . . Database Lockouts . | . . . Manual . | . . . Terminals . | . . . Fabricators . | . . . Repair Stations . | . . . Recycling Units . | . . . Scanalyzers . | . . . Garrison Access . | . . . Terminal Hacks . | . . . Fabricator Hacks . | . . . Repair Station Hacks . | . . . Recycling Unit Hacks . | . . . Scanalyzer . | . . . Garrison Access Hacks . | . . . Unauthorized Hacks . | . . . Terminals . | . . . Fabricators . | . . . Repair Stations . | . . . Recycling Units . | . . . Scanalyzers . | . . . Garrison Access . | . . . Data Cores Recovered . | . . . Used . | . . . Hacking Detections . | . . . Full Trace Events . | . . . Feedback Events . | . . . Feedback Blocked . | . . . Robot Schematics Acquired . | . . . Robots Built . | . . . Authchips . | . . . Time . | . . . Total Robot Build Rating . | . . . Part Schematics Acquired . | . . . Parts Built . | . . . Authchips . | . . . Time . | . . . Total Part Build Rating . | . . . Part Studies Acquired . | . . . Parts Repaired . | . . . Time . | . . . Parts Recycled . | . . . Recycled Matter . | . . . Retrieved Matter . | . . . Retrieved Components . | . . . Parts Scanalyzed . | . . . Part Schematics Acquired . | . . . Parts Damaged . | . . . Bothacking | -11 -10 -10 ------------ Run | Yrd Mat Min Used RIF Installer . | . . . Robots Hacked . | . . . Non-combat . | . . . Combat . | . . . Robot Hacks Applied . | . . . Relay Couplers Released . | . . . Fabnet Peak Effective % . | . . . Robots Rewired . | . . . Allies Hacked . | . . . Hacks Repelled . | . . . Allies | -11 -10 -10 -------- Run | Yrd Mat Min Total Allies . | . . . Largest Group . | . . . Highest-Rated Group . | . . . Highest-Rated Ally . | . . . Total Orders . | . . . Ally Attacks . | . . . Total Damage . | . . . Kills . | . . . Allies Corrupted . | . . . Allies Melted . | . . . Intel | -11 -10 -10 ------- Run | Yrd Mat Min Active Infowar (turns) 444 | . 127 317 Terrain 130 | . 127 3 Seismic 314 | . . 314 Robot Analysis Total . | . . . Derelict Logs Recovered 1 | . . 1 Drone Launches . | . . . Drone Recoveries . | . . . Exploration | -11 -10 -10 ------------- Run | Yrd Mat Min Turns Passed 627 | 77 141 409 Spaces Moved 434 | 61 145 228 Core 23 | 23 . . Treads . | . . . Legs 34 | . . 34 Wheels 377 | 38 145 194 Hover . | . . . Flight . | . . . Fastest Speed 50 | 50 90 90 Average Speed 94 | 78 90 100 Slowest Speed 190 | 100 90 190 Overloaded Moves . | . . . Propulsion Burnouts . | . . . Robots Hopped . | . . . Potential Cave-ins . | . . . Cave-ins Triggered . | . . . Exploration Rate (%) 20 | 5 34 22 Regions Visited 2 Branch Regions 1 Pre-discovered Areas . | . . . Known Exits Taken . | . . . Unknown Exits Taken 2 | 1 1 . Scrap Searched . | . . . Spaces Dug . | . . . Terrain Destroyed . | . . . Melee . | . . . Projectile . | . . . AOE . | . . . Terrain Rammed . | . . . Walls Destroyed . | . . . Machines Disabled . | . . . Actions | -11 -10 -10 --------- Run | Yrd Mat Min Total 577 | 82 151 344 Wait 67 | 4 . 63 Move 432 | 60 144 228 Hop . | . . . Pick Up 17 | 8 3 6 Fast Attach 3 | 2 . 1 Attach 8 | 4 1 3 Detach . | . . . Swap 9 | 1 . 8 Drop 4 | . 1 3 Fire 37 | 3 2 32 Melee . | . . . Ram . | . . . Kick . | . . . Crush . | . . . Escape Stasis . | . . . Rewire . | . . . Trap . | . . . Miscellaneous . | . . . Route ------- -11/Scrapyard -10/Materials -10/Mines History --------- Turn | Location | Event 15 | -11/Scrapyard | Discovered new exit (range 15) 78 | -11/Scrapyard | Entered Materials 184 | -10/Materials | Discovered new exit (range 11) 219 | -10/Materials | Entered Mines 262 | -10/Mines | Met a Derelict bent on vengeance 265 | -10/Mines | Learned 4 Materials zone layouts 279 | -10/Mines | Assembled infested the area 284 | -10/Mines | Assisted by a Guerilla fighting off Assembled 312 | -10/Mines | Build established: Mutant 547 | -10/Mines | Lost 3 parts (2n1u) 570 | -10/Mines | Core integrity fell below 50% 624 | -10/Mines | Core integrity fell below 20% 628 | -10/Mines | Destroyed by G-47 Trooper with Particle Gun Last Messages --------------- 00516_ Lgt. Armor Plating destroyed. 00517_ as-75530 destroyed. 00520_ Acquired 5 matter. 00521_ Acquired 13 matter. 00532_ Acquired Aluminum Leg. 00540_ Acquired 10 matter. 00565_ Knocked back. 00573_ Aluminum Leg destroyed. 00573_ System corrupted by crushing effect (+1). 00574_ as-28160 destroyed. 00574_ Switching to secondary target: as-72764. 00584_ Lgt. Nuclear Core destroyed. 00586_ as-72764 destroyed. 00589_ Acquired 20 matter. 00603_ Acquired 15 matter. 00608_ Acquired 1 matter. 00612_ Acquired Imp. Terrain Scanner. 00625_ Aluminum Leg destroyed. 00626_ D-53 Grenadier suffers critical hit (Burn). Map ----- +----------------------------------------------------+ | | | | | | | | | | | | | | | | | | | | | | | | | ?????????????????????????????????????????? | | ??????????????????????##########?????????? | | ????????????????####### #?????????? | | ????????????????# % *!% = #?????????? | | ????????????????# #####% #?????????? | | ???????########## #???#=% #?????????? | | ???????# [%* #???# #?????????? | | ???????# ######## #???# #?????????? | | ???????# #????### #???##########?????????? | | ???????# #???## # ####???????????????????? | | ???##### ##### ##??????????????????? | | ???# % # #??????????????????? | | ???# """ ## #??????????????????? | | ???# """ ## @ #??????????????????? | | ???# """ # ##??????????????????? | | ???# %% # #?????????? ???????? | | ???##### #### d ##???????? ????????? | | ???????# #??## gg####???? ??????????? | | ???????# ####### #### ##??????????? | | ???????# #??## #??????????? | | ???????# ## #???# #??????????? | | ???????# ## #???# #### #??????????? | | ???????# ###?## ##?????#??????????? | | ??????## ##?## #?????????????????? | | ??????# """ ##?## #?????????????????? | | ?????## """ #### #?????????????????? | | ?????# """ #?????????????????? | | ????## #?????????????????? | | ???## ####?????????????????? | | ???# ## #????????????????????? | | ???# #### %*##???????????????????? | | ???# ## ##?## #???????????????????? | | ???###### ##?# #???????????????????? | | ????????# #?# #???????????????????? | | ????????## #?# #???????????????????? | | ?????????# #?## ##???????????????????? | | ?????????# ##??###????????????????????? | | ?????????# ##??????????????????????????? | +----------------------------------------------------+ Best States ------------- Heat Dissipation 25 Energy Generation 14 Energy Capacity 160 Matter Stores 300 Matter Capacity 300 Sight Range 16 Terrain Scan Range 14 Terrain Scan Density 10 Armor Coverage 150 Evasion (%) 50 Item Schematics ----------------- None Robot Schematics ------------------ None Fabricated ------------ Nothing Repaired ---------- Nothing Studied --------- None Alien Tech Used ----------------- None Achievements -------------- None Challenges ------------ None Game ------ Seed SalvagingChromaticShielding Manual? 0 Play Time 00:05:32 Cumulative 35.5 hours Start 2026.01.21 @ 13:36:08 End 2026.01.21 @ 13:41:42 Sessions 3 Manual Loads 0 Difficulty Rogue Special Mode None Game No. 88 Rogue 88 Adventurer 0 Explorer 0 Win Type - Total 0 Types 0/0/0/0/0/0/0/0/0/0 Lore% 46 Gallery% 36 Achievement% 24 Wizard Run 0 Options --------- Layout 1 ASCII 0 Keyboard 0 Movement Mouse Keybinds 0 Fullscreen 1 Font 24/Smallcaps Map View 50x35 Zoom Use 0% Tactical HUD 1 Map Filters NONE Filters NONE Steam 1 RUN: 82bef1ae-7d08-4960-9677-f62795abfd13